Map: [TLMC19] Moonwater

Players

YouTubeMan (uThermal) - Winner!

  • Race: Zerg Zerg
  • Spawn Location: 1:00

ShoWTimE

  • Race: Protoss Protoss
  • Spawn Location: 11:00

VOD

Have the link to the VOD?

Description

Time

  • Played on: Dec. 21, 2023, 10:42 a.m.
  • Length: 14:44
Show
View Real Time Build Order
Export as new Build Order

YouTubeMan Zerg - Winner!

Build Orders: Pool First 

Get SALT Encoding   

  12  0:00  Drone  
  13  0:11  Overlord  
  13  0:16  Drone  
  14  0:30  Drone x2  
  14  0:33  Drone  
  17  0:44  Drone, Extractor  
  17  0:49  Spawning Pool  
  16  0:55  Drone  
  17  1:06  Drone  
  18  1:21  Hatchery  
  18  1:23  Drone  
  18  1:28  Drone  
  19  1:36  Queen  
  21  1:43  Overlord  
  21  1:50  Metabolic Boost  
  21  1:53  Zergling x2  
  22  2:04  Drone  
  23  2:15  Drone  
  24  2:24  Lair  
  24  2:26  Drone  
  25  2:32  Queen  
  25  2:34  Zergling x4  
  29  2:43  Zergling x2  
  30  2:44  Zergling x2  
  30  2:47  Zergling x2  
  30  2:48  Zergling x4  
  34  2:55  Overlord  
  34  3:04  Drone  
  35  3:13  Overlord  
  35  3:14  Drone  
  36  3:27  Drone x5, Hydralisk Den  
  36  3:28  Extractor  
  36  3:32  Overlord  
  39  3:37  Drone  
  39  3:49  Drone x4  
  39  3:52  Drone  
  39  3:53  Extractor  
  43  3:56  Drone  
  43  3:59  Drone x2  
  43  4:00  Drone  
  47  4:04  Muscular Augments  
  47  4:06  Drone  
  47  4:09  Drone  
  49  4:16  Drone x2  
  51  4:21  Drone, Overlord  
  51  4:23  Overlord  
  52  4:29  Overseer  
  52  4:32  Overlord  
  52  4:35  Hydralisk  
  52  4:38  Hydralisk  
  54  4:43  Hydralisk  
  58  4:46  Hydralisk  
  58  4:48  Hydralisk  
  58  4:51  Overlord  
  62  4:55  Hydralisk  
  62  4:59  Overlord  
  64  5:08  Grooved Spines  
  64  5:13  Hatchery  
  63  5:16  Drone x4  
  63  5:19  Hydralisk  
  69  5:22  Hydralisk  
  69  5:27  Hydralisk  
  73  5:29  Hydralisk  
  73  5:32  Hydralisk  
  74  5:37  Hydralisk  
  74  5:40  Drone  
  74  5:42  Hydralisk  
  76  5:44  Extractor  
  76  5:47  Hydralisk  
  76  5:49  Overlord  
  79  5:53  Queen  
  79  5:56  Overlord  
  81  6:01  Drone x2  
  83  6:06  Overlord  
  83  6:13  Drone, Spire  
  83  6:18  Drone x4  
  84  6:20  Drone  
  88  6:28  Drone x2  
  88  6:29  Drone  
  91  6:33  Drone  
  91  6:46  Drone  
  91  6:47  Drone x5  
  94  6:48  Drone x2  
  94  6:50  Extractor  
  94  6:51  Extractor  
  97  6:56  Overlord  
  97  6:57  Hydralisk  
  99  7:02  Roach Warren  
  99  7:03  Drone  
  99  7:06  Hatchery  
  99  7:08  Drone x5  
  103  7:19  Hydralisk x5  
  112  7:23  Overlord  
  112  7:25  Zerg Flyer Weapons Level 1  
  112  7:32  Pneumatized Carapace  
  112  7:33  Overseer  
  112  7:39  Drone  
  112  7:42  Glial Reconstitution  
  113  7:45  Drone  
  113  7:46  Baneling Nest  
  113  7:49  Drone x2, Evolution Chamber  
  114  7:53  Zergling x22  
  114  7:56  Burrow  
  125  8:00  Overlord  
  125  8:02  Overlord  
  125  8:03  Spore Crawler  
  125  8:05  Spore Crawler  
  123  8:16  Overlord  
  123  8:21  Overlord x2  
  123  8:22  Drone x2  
  123  8:23  Queen  
  127  8:33  Centrifugal Hooks  
  127  8:34  Zerg Melee Weapons Level 1  
  127  8:36  Overlord  
  127  8:49  Drone x11  
  127  8:50  Drone x5  
  143  8:56  Overseer  
  143  8:58  Zergling x2  
  144  9:07  Roach x4  
  152  9:17  Hatchery  
  152  9:22  Roach x4  
  159  9:24  Corruptor  
  159  9:25  Corruptor x6  
  159  9:29  Overlord  
  173  9:36  Overlord x2  
  173  9:52  Baneling x10  
  173  9:53  Baneling x2  
  173  9:56  Roach  
  173  9:58  Corruptor x6, Roach x3  
  173  9:59  Hatchery  
  191  10:02  Baneling x9  
  191  10:04  Roach  
  193  10:12  Roach x3  
  199  10:20  Roach  
  198  10:33  Corruptor x4  
  199  10:44  Infestation Pit  
  199  10:47  Baneling  
  199  10:48  Baneling x2  
  198  10:50  Zergling x2  
  198  10:52  Extractor  
  198  10:53  Extractor  
  190  11:08  Corruptor  
  184  11:12  Hydralisk  
  184  11:13  Hydralisk x2  
  184  11:17  Zergling x24, Roach  
  184  11:18  Roach x3  
  196  11:23  Hydralisk, Roach  
  191  11:28  Hydralisk x3  
  191  11:31  Roach x2  
  192  11:33  Corruptor  
  192  11:36  Roach  
  192  11:37  Roach x4  
  188  11:46  Roach  
  174  11:47  Roach x3  
  174  11:52  Roach x3  
  178  12:01  Zergling x8  
  175  12:02  Roach x2  
  175  12:07  Roach  
  178  12:09  Roach  
  178  12:11  Queen  
  178  12:13  Roach x5  
  180  12:17  Drone  
  180  12:18  Drone  
  182  12:27  Drone x2  
  182  12:28  Drone x2  
  182  12:29  Overlord  
  186  12:31  Hatchery, Baneling x5  
  186  12:32  Baneling x8  
  185  12:41  Zergling x22  
  196  12:45  Zergling x2  
  195  12:55  Roach x3  
  195  12:56  Roach  
  195  12:57  Zergling x2  
  198  13:08  Roach  
  198  13:09  Zergling x2, Roach x3  
  195  13:22  Zergling x14  
  195  13:24  Zergling x2  
  199  13:27  Overlord x2  
  196  13:42  Overlord  
  196  13:43  Overlord x2  
  196  13:47  Roach x2  
  185  13:51  Roach x8  
  185  13:53  Roach  
  191  13:55  Roach  
  191  13:57  Roach x2  
  191  14:00  Roach  
  181  14:06  Zergling x4  
  171  14:10  Roach  
  171  14:13  Zergling x6  
  170  14:17  Roach x2  
  170  14:19  Roach  
  156  14:25  Roach x2  
Show
View Real Time Build Order
Export as new Build Order

ShoWTimE Protoss 

Build Orders: 1 Gate Expand, Phoenix Opening, Colossus Rush 

Get SALT Encoding   

  12  0:00  Probe  
  13  0:12  Probe  
  14  0:17  Pylon  
  14  0:24  Probe (Chrono Boost)  
  15  0:36  Probe (Chrono Boost)  
  15  0:37  Gateway  
  16  0:44  Probe (Chrono Boost)  
  16  0:45  Assimilator  
  17  0:51  Probe  
  18  1:03  Probe  
  19  1:15  Probe  
  20  1:22  Nexus  
  20  1:31  Cybernetics Core  
  20  1:35  Probe  
  21  1:41  Assimilator  
  21  1:47  Probe  
  21  1:51  Pylon  
  22  1:59  Probe  
  23  2:02  Warp Gate (Chrono Boost)  
  23  2:06  Adept (Chrono Boost)  
  23  2:11  Probe  
  26  2:23  Probe  
  26  2:28  Sentry  
  29  2:35  Gateway, Probe x2  
  31  2:42  Gateway  
  31  2:47  Probe  
  31  2:50  Probe  
  33  2:51  Sentry  
  33  2:54  Pylon  
  35  2:59  Probe  
  35  3:02  Probe  
  37  3:07  Shield Battery  
  37  3:10  Pylon  
  37  3:12  Probe  
  37  3:15  Probe  
  38  3:20  Pylon  
  38  3:24  Probe  
  40  3:28  Phoenix  
  40  3:31  Shield Battery  
  40  3:37  Adept  
  40  3:38  Sentry  
  40  3:39  Pylon  
  43  3:42  Adept  
  43  3:46  Probe  
  43  3:47  Probe  
  47  3:59  Probe x2  
  47  4:00  Stalker  
  51  4:03  Stalker x2  
  51  4:07  Pylon  
  55  4:11  Probe x2  
  55  4:13  Phoenix  
  55  4:16  Robotics Facility  
  57  4:23  Probe x2  
  59  4:28  Assimilator  
  59  4:30  Assimilator  
  59  4:31  Pylon  
  59  4:34  Sentry  
  59  4:35  Stalker, Probe  
  64  4:41  Stalker  
  64  4:42  Probe  
  67  4:47  Probe  
  67  4:50  Shield Battery  
  68  4:54  Probe  
  69  5:00  Stalker x2  
  69  5:05  Robotics Bay  
  73  5:11  Immortal (Chrono Boost)  
  77  5:20  Adept  
  79  5:30  Pylon  
  79  5:37  Nexus  
  79  5:39  Probe  
  79  5:40  Probe  
  81  5:44  Phoenix  
  81  5:46  Pylon  
  81  5:48  Shield Battery, Observer (Chrono Boost)  
  81  5:49  Shield Battery  
  82  5:51  Sentry  
  82  5:52  Sentry  
  82  5:53  Probe  
  82  5:54  Probe  
  82  5:56  Pylon  
  88  5:59  Colossus (Chrono Boost)  
  94  6:06  Probe x2  
  96  6:11  Extended Thermal Lance (Chrono Boost)  
  96  6:18  Probe x2  
  98  6:24  Twilight Council  
  98  6:26  Zealot x2  
  98  6:28  Zealot  
  98  6:30  Probe x2  
  106  6:37  Forge  
  106  6:46  Colossus (Chrono Boost)  
  106  6:50  Probe x3  
  115  6:54  Phoenix x2  
  115  6:55  Blink (Chrono Boost)  
  115  6:59  Protoss Ground Weapons Level 1  
  115  7:02  Probe x3  
  115  7:08  Assimilator  
  118  7:10  Assimilator  
  118  7:11  Zealot  
  118  7:14  Probe x3  
  123  7:18  Photon Cannon  
  123  7:24  Photon Cannon  
  123  7:26  Probe x2  
  123  7:27  Pylon  
  123  7:28  Pylon  
  125  7:36  Gateway x2  
  125  7:45  Probe, Immortal  
  125  7:50  Probe x2  
  125  7:51  Stargate  
  132  7:52  Stargate  
  132  7:57  Probe  
  133  8:01  Photon Cannon  
  133  8:02  Photon Cannon  
  133  8:04  Pylon  
  133  8:09  Shield Battery, Pylon  
  133  8:11  Pylon  
  133  8:17  Nexus  
  133  8:21  Pylon  
  133  8:26  Warp Prism (Chrono Boost), Pylon  
  135  8:35  Stalker x2  
  135  8:38  Phoenix x2 (Chrono Boost)  
  143  8:48  Charge (Chrono Boost)  
  143  8:49  Shield Battery  
  143  8:55  Photon Cannon  
  143  8:57  Phoenix x2 (Chrono Boost)  
  143  9:01  Probe x3  
  143  9:02  Protoss Ground Weapons Level 2 (Chrono Boost)  
  150  9:13  Probe x2  
  150  9:15  Probe  
  150  9:16  Assimilator  
  153  9:19  Assimilator  
  153  9:22  Zealot x4  
  161  9:27  Gateway x2  
  161  9:33  Fleet Beacon  
  161  9:37  Phoenix (Chrono Boost)  
  163  9:42  Immortal  
  167  9:48  Probe  
  167  9:51  Gateway  
  168  9:56  Probe  
  168  9:57  Pylon, Probe x2  
  168  9:58  Phoenix (Chrono Boost)  
  166  10:00  Probe  
  166  10:01  Phoenix (Chrono Boost)  
  169  10:08  Probe, Photon Cannon  
  169  10:09  Probe x2  
  169  10:10  Shield Battery  
  169  10:13  Probe, Photon Cannon  
  173  10:20  Probe  
  173  10:21  Probe  
  175  10:22  Templar Archives  
  175  10:26  Stalker  
  175  10:28  Probe x2  
  176  10:32  Probe  
  176  10:33  Probe  
  154  10:40  Probe x2  
  156  10:44  Probe  
  156  10:45  Probe  
  158  10:52  Immortal (Chrono Boost)  
  157  10:59  High Templar x5  
  157  11:02  High Templar x2  
  157  11:04  Archon x2  
  159  11:07  High Templar  
  159  11:11  Archon  
  131  11:21  Immortal (Chrono Boost)  
  105  11:32  Zealot x5  
  103  11:35  Zealot x2  
  86  11:49  Stalker  
  88  11:56  Zealot x7  
  88  11:59  Probe  
  88  12:00  Probe  
  86  12:11  Probe  
  86  12:12  Probe  
  86  12:21  High Templar x8  
  102  12:24  Probe x2  
  102  12:26  Archon x3  
  102  12:27  Archon  
  102  12:35  Observer (Chrono Boost)  
  102  12:36  Probe  
  104  12:45  Nexus  
  104  12:47  Shield Battery x2  
  98  12:57  Stalker x3  
  104  13:08  Zealot  
  104  13:09  Zealot x2  
  108  13:19  High Templar x2  
  100  13:23  Archon  
  98  13:27  High Templar x3  
  98  13:32  Archon, High Templar  
  106  13:37  Archon  
  95  13:48  Warp Prism  
  95  13:50  Stalker  
  93  14:05  Zealot x3  
  91  14:24  Stalker x3  
Tags
 
Add a new tag
Caveats
  • Supply blocks, unpowered buildings, or Contaminate may cause inaccurate times.
  • Supply counts are checked every 10 seconds.